 Dungeon Crawl Stone Soup version 0.16.1-4-g8e1b745 (webtiles) character file.

308 inmateoo the Chiller (level 5, -5/61 HPs)
             Began as a Demigod Ice Elementalist on Mar 27, 2015.
             Slain by Menkaure (12 damage)
             ... on level 4 of the Dungeon.
             The game lasted 00:06:59 (3433 turns).

inmateoo the Chiller (Demigod Ice Elementalist)     Turns: 3433, Time: 00:06:59

Health: -5/61      AC: 28    Str: 11    XL:     5   Next: 94%
Magic:  9/12       EV:  2    Int: 26    God:
Gold:   170        SH:  0    Dex: 16    Spells: 3 memorised, 3 levels left

rFire  . . .     SeeInvis .     i - +2 rapier
rCold  . . .     Clarity  .     a - melded +0 robe
rNeg   + + +     SustAb   +     (no shield)
rPois  +         Gourm    .     (helmet currently unavailable)
rElec  .         Spirit   .     (cloak currently unavailable)
rCorr  .         Warding  .     (gloves currently unavailable)
rMut   .         NoTele   +     (boots currently unavailable)
MR     .....                    (no amulet)
Stlth  ++........               (no ring)
                                (no ring)

@: brilliant, icy armour, tree-form, very slightly contaminated, invisible, not
resistant to hostile enchantments, unstealthy
A: sustain abilities
a: no special abilities


You were on level 4 of the Dungeon.
You were near starving.
You were a tree.
You visited 1 branch of the dungeon, and saw 4 of its levels.

You collected 170 gold pieces.

Inventory:

Hand weapons
 i - a +2 rapier (weapon)
Armour
 a - a +0 robe (melded)
 q - a +0 buckler
Scrolls
 d - a scroll of magic mapping
 g - a scroll of fog
 o - 4 scrolls of remove curse
Potions
 j - a potion of curing {unknown}
 l - a potion of degeneration {unknown}
 n - a potion of brilliance
 p - a potion of agility {unknown}
 r - a potion of magic {unknown}
 s - a potion of poison
 t - a potion of haste {unknown}
Books
 b - a book of Frost

   Spells                             Type                      Level
   a - Freeze                         Ice                          1
   b - Throw Frost                    Conjuration/Ice              2
   c - Ozocubu's Armour               Charms/Ice                   3
   d - Throw Icicle                   Conjuration/Ice              4
   e - Summon Ice Beast               Ice/Summoning                4
   f - Condensation Shield            Ice                          4
Comestibles
 c - 2 bread rations
 f - a slice of pizza
 h - 2 meat rations


   Skills:
 + Level 2.0 Fighting
 + Level 3.1 Dodging
 - Level 1.7 Stealth
 + Level 2.7 Spellcasting
 - Level 0.8 Conjurations
 * Level 4.6 Ice Magic


You had 3 spell levels left.
You knew the following spells:

 Your Spells              Type           Power        Failure   Level  Hunger
a - Freeze                Ice            ####         1%          1    None
b - Throw Frost           Conj/Ice       ####..       1%          2    ##.....
c - Ozocubu's Armour      Chrm/Ice       ####....     1%          3    ###....


Dungeon Overview and Level Annotations

Branches:
Dungeon (4/15)
 Temple: D:4-7

Shops:
D:4 %

Annotations:
D:4 Menkaure, Robin


Innate Abilities, Weirdness & Mutations

Your attributes are resistant to harm.


Message History

Menkaure hits you but does no damage.
Drink which item? (? for menu, Esc to quit)
Okay, then.
Casting: Ozocubu's Armour
Confirm with . or Enter, or press ? or * to list all spells.
Aiming: Throw Frost
Press: ? - help, Shift-Dir - straight line, f - Menkaure
Aim: Menkaure (heavily damaged, fast)
The puff of frost hits Menkaure.
Menkaure resists.
Menkaure is heavily damaged.
Menkaure hits you but does no damage.
Drink which item? (? for menu, Esc to quit)
It was a potion of invisibility.
You fade into invisibility!
Menkaure hits you but does no damage.
You are very lightly contaminated with residual magic.
You hit Menkaure.
Menkaure is severely damaged.
Menkaure hits you!
You die...

........................... ..
........................... ...
......)................... ....
......................... .....
........................ ......
...................[.... .......
....>.....................>......
.................................
................♣................
................M................
.................................
...... ........................
....... ........................
....... .......................
....... #####.................
.######### ##................
..###.....# #...............


You could see Menkaure.

Vanquished Creatures
  An ogre (D:4)
  A hound (D:4)
  A centaur skeleton (D:4)
  A giant frog skeleton (D:4)
  3 gnolls (D:2)
  5 adders
  A worm (D:2)
  3 giant geckos
  An ooze (D:3)
  An orc (D:3)
  A ball python (D:3)
  2 giant cockroaches
  18 goblins
  6 hobgoblins
  9 bats
  5 giant newts
  6 kobolds
  A quokka (D:3)
  6 rats
72 creatures vanquished.

Notes
Turn   | Place    | Note
--------------------------------------------------------------
     0 | D:1      | inmateoo, the Demigod Ice Elementalist, began the quest for the Orb.
     0 | D:1      | Reached XP level 1. HP: 14/14 MP: 3/3
   399 | D:1      | Reached skill level 3 in Ice Magic
   399 | D:1      | Reached XP level 2. HP: 20/20 MP: 0/4
  1096 | D:2      | Learned a level 2 spell: Throw Frost
  1309 | D:2      | Reached XP level 3. HP: 25/27 MP: 0/8
  1314 | D:2      | Learned a level 3 spell: Ozocubu's Armour
  1423 | D:2      | Found a snail-covered altar of Cheibriados.
  1588 | D:2      | Reached skill level 1 in Fighting
  1632 | D:2      | Found a deep blue altar of Sif Muna.
  1922 | D:3      | Reached XP level 4. HP: 22/35 MP: 4/11
  2087 | D:3      | Found a shattered altar of Ashenzari.
  2089 | D:3      | Found an ancient bone altar of Kikubaaqudgha.
  2092 | D:3      | Found a radiant altar of Vehumet.
  2312 | D:3      | Found a glowing golden altar of the Shining One.
  2313 | D:3      | Noticed an angel
  2317 | D:3      | Found a basalt altar of Yredelemnul.
  2318 | D:3      | Noticed a profane servitor
  2924 | D:4      | Reached skill level 4 in Ice Magic
  3087 | D:4      | Reached XP level 5. HP: 40/40 MP: 12/12
  3122 | D:4      | Noticed an ogre
  3131 | D:4      | Killed an ogre
  3169 | D:4      | Noticed Robin
  3296 | D:4      | Found Zouttool's Food Emporium.
  3412 | D:4      | Noticed Menkaure
  3433 | D:4      | Slain by Menkaure

Action                   |  1- 3 |  4- 6 || total
-------------------------+-------+-------++-------
Melee: Unarmed           |     6 |       ||     6
       Rapier            |    27 |    49 ||    76
Throw: Throwing net      |     4 |     2 ||     6
 Cast: Freeze            |    53 |    36 ||    89
       Throw Frost       |       |     2 ||     2
       Ozocubu's Armour  |       |     3 ||     3
  Use: Scroll            |     4 |     5 ||     9
       Potion            |       |     4 ||     4
 Stab: Held in net/web   |     2 |     2 ||     4
       Sleeping          |       |     1 ||     1
  Eat: Chunk             |     3 |     4 ||     7
